 Dungeon Crawl Stone Soup version bcrawl-1.19.2-6-g6a88ae04c9 (webtiles) character file.

Game seed: 8164790443159383550

1232 Mrkan the Skirmisher (level 8, 0/71 HPs)
             Began as a Hill Orc Fighter on Jan 14, 2020.
             Was a Follower of Makhleb.
             Slain by a troll (1 damage)
             ... on level 5 of the Dungeon.
             The game lasted 00:06:31 (4251 turns).

Mrkan the Skirmisher (Hill Orc Fighter)             Turns: 4251, Time: 00:06:32

Health: 0/71       AC: 13    Str: 25    XL:     8   Next: 48%
Magic:  11/11      EV:  6    Int:  8    God:    Makhleb [*.....]
Gold:   278        SH: 10    Dex: 11    Spells: 7/7 levels left

rFire    . . .     SeeInvis .   a - +0 war axe
rCold    . . .     Gourm    .   c - +0 shield
rNeg     . . .     Faith    .   r - +0 chain mail
rPois    .         Spirit   .   j - +0 helmet
rElec    .         Reflect  .   u - +0 cloak
rCorr    .         Harm     .   (no gloves)
MR       .....                  m - +0 pair of boots
Stlth    ..........             (no amulet)
HPRegen  0.21/turn              (no ring)
MPRegen  0.12/turn              (no ring)

@: mighty
A: no striking features
a: Renounce Religion, Convert to Beogh


You were on level 5 of the Dungeon.
You worshipped Makhleb.
Makhleb was aware of your devotion.
You were hungry.

You visited 1 branch of the dungeon, and saw 5 of its levels.

You collected 278 gold pieces.

Inventory:

Hand Weapons
 a - a +0 war axe (weapon)
 x - a +0 morningstar
Armour
 c - a +0 shield (worn)
 j - a +0 helmet (worn)
 m - a +0 pair of boots (worn)
 r - a +0 chain mail (worn)
 u - a +0 cloak (worn)
Jewellery
 i - an uncursed ring of wizardry {unknown}
 s - a +4 ring of intelligence {unknown}
Wands
 o - a wand of digging (7)
Scrolls
 b - 2 scrolls of magic mapping {unknown}
 g - 2 scrolls of enchant weapon {unknown}
 h - 5 scrolls of identify {unknown}
 k - a scroll of fog {unknown}
 l - 4 scrolls of teleportation {unknown}
 v - a scroll of amnesia {unknown}
 w - 2 scrolls of remove curse {unknown}
Potions
 e - 3 potions of curing
 n - a potion of ambrosia {unknown}
 p - a potion of heal wounds {unknown}
 q - a potion of invisibility {unknown}
 t - a potion of cancellation {unknown}
Comestibles
 f - 5 rations {!d}


   Skills:
 * Level 6.9 Fighting
   Level 6.9 Short Blades
   Level 6.9 Long Blades
   Level 6.9 Axes
   Level 6.9 Maces & Flails
   Level 6.9 Polearms
   Level 6.9 Staves
 + Level 6.0 Armour
 + Level 6.0 Shields
   Level 6.9 Unarmed Combat
 + Level 4.3 Invocations


You had 7 spell levels left.
You didn't know any spells.
Your spell library contained the following spells:

 Spells                   Type           Power        Failure   Level  Hunger
 Apportation              Tloc           #.....       100%        1    ##.....
 Infusion                 Chrm           #.......     100%        1    ##.....
 Sandblast                Erth           #.....       100%        1    ##.....
 Slow                     Hex            #.......     100%        1    ##.....
 Summon Butterflies       Summ           #.......     100%        1    ##.....


Dungeon Overview and Level Annotations

Branches:
Dungeon (5/12)
 Temple: D:4-7

Altars:
Makhleb

Shops:
D:4 %


Message History

It was a potion of curing.
You feel better.
The orc priest hits you but does no damage.
The orc priest hits you but does no damage.
Found a potion of might.
A troll comes into view.
The orc hits you but does no damage.
You slash the orc!
You kill the orc!
Makhleb accepts your kill.
The orc priest calls down the wrath of Beogh upon you.
Pain shoots through your body!
* * * LOW HITPOINT WARNING * * *
Found 131 bolts.
Things that are here:
a +0 dagger; an orc corpse
There is a stone staircase leading up here.
The troll bites you!
* * * LOW HITPOINT WARNING * * *
The troll claws you.
You die...

...####...#
..........### #.##.# ##
............###....###..
#.[.....................
##.....#.............(..
#...####..#.............
..#.....................
.....##...###...T.......
######..#..o.o).@..!....
# ##......)o.##.........
#....###)####.........
........#.# #...######
.........#)# #....#
..#....oo#o####....#
...o......oo........
#.......)#........#
#......#.......o


You could see a troll, an orc priest and 2 orcs.

Vanquished Creatures
  3 sky beasts (D:4)
  A phantom (D:4)
  An ogre (D:5)
  A big kobold (D:4)
  Blork the orc (D:5)
  A scorpion (D:4)
  3 crimson imps
  A hound (D:5)
  4 orc wizards
  Crazy Yiuf (D:3)
  3 orc priests
  3 worker ants (D:4)
  A hound skeleton (D:4)
  7 adders
  2 worms
  4 dart slugs
  8 leopard geckos
  15 orcs
  A giant cockroach (D:2)
  6 goblins
  4 hobgoblins
  9 jackals
  7 kobolds
  A quokka (D:3)
  6 bats
  5 frilled lizards
  A jackal skeleton (D:4)
  4 rats
104 creatures vanquished.

Notes
Turn   | Place    | Note
-------+----------+-------------------------------------------
     0 | D:1      | Mrkan the Hill Orc Fighter began the quest for the Orb.
     0 | D:1      | Reached XP level 1. HP: 20/20 MP: 1/1
   147 | D:1      | Reached XP level 2. HP: 27/27 MP: 2/2
  1110 | D:2      | Reached XP level 3. HP: 32/34 MP: 3/3
  1311 | D:2      | Reached XP level 4. HP: 38/41 MP: 4/4
  1956 | D:3      | Reached skill level 5 in Fighting
  2004 | D:3      | Reached XP level 5. HP: 45/48 MP: 5/5
  2367 | D:3      | Found a burning altar of Makhleb.
  2375 | D:3      | Became a worshipper of Makhleb the Destroyer
  2394 | D:3      | Reached XP level 6. HP: 42/56 MP: 6/6
  2472 | D:3      | Found a runed door.
  2825 | D:3      | Noticed Crazy Yiuf
  2832 | D:3      | Killed Crazy Yiuf
  2897 | D:4      | Reached skill level 1 in Invocations
  2933 | D:4      | Noticed a sky beast
  2948 | D:4      | Killed a sky beast
  2948 | D:4      | Reached XP level 7. HP: 46/62 MP: 8/8
  3003 | D:4      | Reached skill level 5 in Armour
  3003 | D:4      | Reached skill level 5 in Shields
  3544 | D:4      | Found Tiankaumo's Food Emporium.
  3569 | D:4      | Reached XP level 8. HP: 40/71 MP: 10/10
  4152 | D:5      | Entered Level 5 of the Dungeon
  4192 | D:5      | Reached * piety under Makhleb
  4232 | D:5      | Noticed Blork the orc
  4241 | D:5      | Killed Blork the orc
  4241 | D:5      | HP: 1/71 [orc priest/cursed -3 trident (3)]
  4246 | D:5      | Noticed a troll
  4251 | D:5      | HP: 1/71 [troll (7)]
  4251 | D:5      | Slain by a troll

Skill      XL: |  1  2  3  4  5  6  7  8 |
---------------+-------------------------+-----
Armour         | 4 5 6 |  6.0
Shields        | 4 5 6 |  6.0
Fighting       | 5 6 |  6.9
Invocations    | 2 3 4 |  4.3
Short Blades   | |  6.9
Long Blades    | |  6.9
Axes           | |  6.9
Maces & Flails | |  6.9
Polearms       | |  6.9
Staves         | |  6.9
Unarmed Combat | |  6.9

Action                   |  1- 3 |  4- 6 |  7- 9 || total
-------------------------+-------+-------+-------++-------
Melee: War axe           |    80 |   155 |   178 ||   413
  Use: Potion            |       |       |     2 ||     2
  Eat: Chunk             |     1 |     6 |     4 ||    11
Armor: Scale mail        |    59 |    43 |       ||   102
       Chain mail        |       |    54 |   122 ||   176
Dodge: Dodged            |    18 |    43 |    33 ||    94
Block: Shield            |    57 |    75 |   100 ||   232
